 Dungeon Crawl Stone Soup version 0.22-a0-422-g9628fc8 (webtiles) character file.

152 galech the Digger (level 5, -1/40 HPs)
             Began as a Gnoll Wanderer on May 17, 2018.
             Killed from afar by an orc wizard (4 damage)
             ... with a magic dart
             ... on level 3 of the Dungeon.
             The game lasted 00:05:15 (3560 turns).

galech the Digger (Gnoll Wanderer)                  Turns: 3560, Time: 00:05:16

Health: -1/40      AC: 10    Str: 20    XL:     5   Next: 34%
Magic:  9/9        EV:  5    Int: 12    God:
Gold:   102        SH:  9    Dex: 14    Spells: 10/10 levels left

rFire    . . .     SeeInvis .   h - +0 short sword
rCold    . . .     Gourm    .   a - +0 shield
rNeg     . . .     Faith    .   u - +0 chain mail (curse)
rPois    .         Spirit   .   (no helmet)
rElec    .         Reflect  .   v - +1 cloak
rCorr    .         Harm     .   (no gloves)
MR       .....                  (no boots)
Stlth    ..........             b - amulet of the acrobat
HPRegen  0.13/turn              t - +2 ring of strength
MPRegen  0.11/turn              (no ring)

@: no status effects
A: distributed training, fangs 1, strong nose
a: no special abilities


You were on level 3 of the Dungeon.
You were not hungry.

You visited 1 branch of the dungeon, and saw 3 of its levels.

You collected 102 gold pieces.

Inventory:

Hand Weapons
 d - a +0 blowgun
 f - a +0 dagger
 h - a +0 short sword (weapon)
 k - a +2 vampiric whip
Missiles
 c - 10 poisoned needles
Armour
 a - a +0 shield (worn)
 u - a cursed +0 chain mail (worn)
 v - a +1 cloak (worn)
 w - a +0 scale mail
Jewellery
 b - an amulet of the acrobat (around neck)
 t - a +2 ring of strength (left hand)
Scrolls
 i - 2 scrolls of identify {unknown}
 l - a scroll of noise {unknown}
 q - 2 scrolls of teleportation {unknown}
 r - 2 scrolls of remove curse {unknown}
 s - a scroll of magic mapping {unknown}
Potions
 e - 2 potions of berserk rage {unknown}
 j - a potion of ambrosia {unknown}
 m - 3 potions of curing {unknown}
 o - a potion of heal wounds {unknown}
 p - 2 potions of haste {unknown}
Comestibles
 g - 4 rations
 n - 3 chunks of flesh


   Skills:
 + Level 2.9 Fighting
 + Level 1.4 Short Blades
 + Level 1.4 Long Blades
 + Level 1.4 Axes
 + Level 1.4 Maces & Flails
 + Level 1.4 Polearms
 + Level 1.4 Staves
 + Level 1.4 Slings
 + Level 1.4 Bows
 + Level 1.4 Crossbows
 + Level 2.9 Throwing
 + Level 1.4 Armour
 + Level 1.4 Dodging
 + Level 4.4 Stealth
 + Level 2.9 Shields
 + Level 1.4 Unarmed Combat
 + Level 3.1 Spellcasting
 + Level 1.1 Conjurations
 + Level 1.1 Hexes
 + Level 1.1 Charms
 + Level 1.1 Summonings
 + Level 2.3 Necromancy
 + Level 1.1 Translocations
 + Level 1.1 Transmutations
 + Level 1.1 Fire Magic
 + Level 1.1 Ice Magic
 + Level 1.1 Air Magic
 + Level 5.5 Earth Magic
 + Level 1.1 Poison Magic
 + Level 1.6 Invocations
 + Level 1.4 Evocations


You had 10 spell levels left.
You didn't know any spells.
Your spell library contained the following spells:

 Spells                   Type           Power        Failure   Level  Hunger
 Passwall                 Tmut/Erth      #.........   99%         2    ###....
 Sticks to Snakes         Tmut           #.......     100%        2    ###....


Dungeon Overview and Level Annotations

Branches:
Dungeon (3/15)

Altars:

Annotations:
D:3 2 transporters


Innate Abilities, Weirdness & Mutations

Your experience applies equally to all skills.
You have very sharp teeth.
Your uncanny sense of smell can sniff out nearby items.


Message History

The orc wizard hits you but does no damage.
The orc wizard hits you with a dagger.
The orc wizard points at you and mumbles some strange words.
The magic dart hits you!
* * * LOW HITPOINT WARNING * * *
You hit the orc wizard but do no damage.
The orc wizard is almost dead.
The orc wizard points at you and mumbles some strange words.
The magic dart hits you!
* * * LOW HITPOINT WARNING * * *
The orc wizard casts a spell at you. The magic dart hits you!
You block the orc wizard's attack.
Your shield and chain mail prevent you from hitting the orc wizard.
The orc wizard is almost dead.
The orc wizard casts a spell at you. The magic dart hits you!
* * * LOW HITPOINT WARNING * * *
The orc wizard points at you and mumbles some strange words.
The magic dart hits you!
You die...

######+#.#..........##.#
#.#..........##.#
#.#..........##.#
###+#.#.......#####.#
#.....#.....#. #.#
#.....+.....#. #.#
#.....#.. #. #.#
#..oo.#.### #.####+#
#...@##...# #.#.....
#.....'...# #.#.....
#....##...####.#.....
#######......#.#.....
#......#.#.....
#......#.......
#........)....#
#...#.....(...#
#####.........#


You could see 2 orc wizards.

Vanquished Creatures
  3 adders
  6 oozes (D:1)
  4 worms
  A dart slug (D:2)
  5 leopard geckos
  An orc (D:3)
  2 ball pythons
  4 bats
  7 giant cockroaches
  7 goblins
  10 hobgoblins
  A jackal (D:1)
  9 kobolds
  A quokka (D:2)
  7 frilled lizards
  A leopard gecko skeleton (D:2)
  14 rats
83 creatures vanquished.

Notes
Turn   | Place    | Note
-------+----------+-------------------------------------------
     0 | D:1      | galech the Gnoll Wanderer began the quest for the Orb.
     0 | D:1      | galech set off with: a +0 shield, 10 poisoned needles, a +0 blowgun, a +0 robe, a +0 dagger, a ration
     0 | D:1      | Reached XP level 1. HP: 17/17 MP: 4/4
     2 | D:1      | Found a runed door.
   370 | D:1      | Reached XP level 2. HP: 7/23 MP: 5/5
   929 | D:1      | HP: 1/23 [goblin (1)]
  1256 | D:1      | Reached XP level 3. HP: 24/28 MP: 7/7
  1779 | D:1      | Reached skill level 1 in Invocations
  1795 | D:1      | Reached skill level 1 in Short Blades
  1795 | D:1      | Reached skill level 1 in Long Blades
  1795 | D:1      | Reached skill level 1 in Axes
  1795 | D:1      | Reached skill level 1 in Maces & Flails
  1795 | D:1      | Reached skill level 1 in Polearms
  1795 | D:1      | Reached skill level 1 in Staves
  1795 | D:1      | Reached skill level 1 in Slings
  1795 | D:1      | Reached skill level 1 in Bows
  1795 | D:1      | Reached skill level 1 in Crossbows
  1795 | D:1      | Reached skill level 1 in Armour
  1795 | D:1      | Reached skill level 1 in Dodging
  1795 | D:1      | Reached skill level 1 in Unarmed Combat
  1795 | D:1      | Reached skill level 1 in Evocations
  1803 | D:1      | Reached XP level 4. HP: 26/34 MP: 8/8
  2242 | D:2      | Found a faded altar of an unknown god.
  2559 | D:2      | Reached skill level 1 in Conjurations
  2559 | D:2      | Reached skill level 1 in Hexes
  2559 | D:2      | Reached skill level 1 in Charms
  2559 | D:2      | Reached skill level 1 in Summonings
  2559 | D:2      | Reached skill level 1 in Translocations
  2559 | D:2      | Reached skill level 1 in Transmutations
  2559 | D:2      | Reached skill level 1 in Fire Magic
  2559 | D:2      | Reached skill level 1 in Ice Magic
  2559 | D:2      | Reached skill level 1 in Air Magic
  2559 | D:2      | Reached skill level 1 in Poison Magic
  2890 | D:3      | Reached XP level 5. HP: 40/40 MP: 9/9
  3251 | D:3      | Found a transporter.
  3269 | D:3      | Found a transporter.
  3560 | D:3      | Killed from afar by an orc wizard

Vault maps used:
D:1:      dpeg_arrival_caged_fury, minmay_bisected
D:2:      chequers_ecumenical_altar_simple_redux, minmay_pentomino_q4
D:3:      gammafunk_steamed_eel, first_ration

Skill      XL: |  1  2  3  4 |
---------------+-------------+-----
Necromancy     | 2 |  2.3
Invocations    | 1 |  1.6
Short Blades   | 1 |  1.4
Long Blades    | 1 |  1.4
Axes           | 1 |  1.4
Maces & Flails | 1 |  1.4
Polearms       | 1 |  1.4
Staves         | 1 |  1.4
Slings         | 1 |  1.4
Bows           | 1 |  1.4
Crossbows      | 1 |  1.4
Armour         | 1 |  1.4
Dodging        | 1 |  1.4
Unarmed Combat | 1 |  1.4
Evocations     | 1 |  1.4
Spellcasting   | 3 |  3.1
Conjurations   | 1 |  1.1
Hexes          | 1 |  1.1
Charms         | 1 |  1.1
Summonings     | 1 |  1.1
Translocations | 1 |  1.1
Transmutations | 1 |  1.1
Fire Magic     | 1 |  1.1
Ice Magic      | 1 |  1.1
Air Magic      | 1 |  1.1
Poison Magic   | 1 |  1.1
Fighting       | |  2.9
Throwing       | |  2.9
Stealth        | |  4.4
Shields        | |  2.9
Earth Magic    | |  5.5

Action                   |  1- 3 |  4- 6 || total
-------------------------+-------+-------++-------
Melee: Short sword       |   125 |   195 ||   320
       Dagger            |     8 |       ||     8
       Bite              |    12 |    23 ||    35
 Stab: Sleeping          |     4 |     2 ||     6
  Eat: Chunk             |     3 |     6 ||     9
Armor: Robe              |     7 |       ||     7
       Leather armour    |    14 |    11 ||    25
       Scale mail        |       |    32 ||    32
       Ring mail         |       |     2 ||     2
       Chain mail        |       |    15 ||    15
Dodge: Dodged            |    47 |    60 ||   107
Block: Shield            |    45 |   100 ||   145

Table legend:
 A = Spawn XP
 B = Non-spawn XP
 C = Spawn XP percentage of total XP
 D = Spawn monster count
 E = Non-spawn monster count
 F = Spawn count percentage of total count
 G = Total turns spent on level
                    A         B        C        D         E        F      G
               +---------+---------+-------+---------+---------+-------+---------
         Total |       0 |     218 |   0.0 |       0 |      83 |   0.0 |  3560
               +---------+---------+-------+---------+---------+-------+---------
           D:1 |       0 |     111 |   0.0 |       0 |      44 |   0.0 |  2032
           D:2 |       0 |      51 |   0.0 |       0 |      25 |   0.0 |   846
           D:3 |       0 |      56 |   0.0 |       0 |      14 |   0.0 |   682
               +---------+---------+-------+---------+---------+-------+---------
